 Dungeon Crawl Stone Soup version 0.31-a0-1612-g4aaf141004 (webtiles) character file.

Game seed: 2339798867165088528

23 Bnni the Digger (level 2, 0/22 HPs)
             Began as a Demigod Earth Elementalist on Jan 9, 2024.
             Slain by a goblin
             ... wielding a +0 dagger
             ... led by Robin
              (4 damage)
             ... on level 2 of the Dungeon.
             The game lasted 00:04:07 (955 turns).

Bnni the Digger (Demigod Earth Elementalist)         Turns: 955, Time: 00:04:07

Health: 0/22       AC:  2    Str:  9    XL:     2   Next: 54%
Magic:  3/7        EV:  6    Int: 17    God:
Gold:   110        SH:  0    Dex: 14    Spells: 4/5 levels left

rFire   . . .        e - +2 long sword (holy)
rCold   . . .        (no shield)
rNeg    . . .        a - +0 robe
rPois   .            (no helmet)
rElec   .            (no cloak)
rCorr   .            (no gloves)
SInv    .            (no boots)
Will    .....        (no amulet)
Stlth   ++           (no ring)
HPRegen 0.23/turn    (no ring)
MPRegen 0.10/turn

%: no passive effects
@: held
A: high MP 1, forlorn, divine attributes
a: no special abilities


You were on level 2 of the Dungeon.
You visited 1 branch of the dungeon, and saw 2 of its levels.

You collected 110 gold pieces.

Inventory:

Hand Weapons
 e - a +2 long sword of holy wrath (weapon)
Armour
 a - a +0 robe (worn)
Jewellery
 f - a ring of ice
Scrolls
 c - a scroll of identify {unknown}
 d - 2 scrolls of revelation {unknown}
 i - a scroll of blinking {unknown}
Potions
 b - a potion of magic
 g - a potion of curing {unknown}
 h - a potion of cancellation {unknown}


   Skills:
 + Level 0.5 Fighting
 - Level 1.7 Dodging
 - Level 1.7 Stealth
 + Level 2.0 Spellcasting
 * Level 1.5 Conjurations
 * Level 3.0 Earth Magic


You had 4 spell levels left.
You knew the following spells:

 Your Spells              Type           Power      Damage    Failure   Level
a - Sandblast             Erth           24%        2d8       5%          1

Your spell library contained the following spells:

 Spells                   Type           Power      Damage    Failure   Level
 Passwall                 Erth           12%        N/A       16%         3
 Stone Arrow              Conj/Erth      18%        3d8       22%         3
 Brom's Barrelling Bould  Conj/Erth      9%         2d3       58%         4
 Petrify                  Alch/Erth      6%         N/A       71%         4


Dungeon Overview and Level Annotations

Branches:
Dungeon (2/15)

Shops:
D:1 (

Annotations:
D:2 Robin


Innate Abilities, Weirdness & Mutations

You have an increased reservoir of magic. (+10% MP)
You shall have no god before yourself.
Your divine heritage dramatically boosts your attributes as you level up.


Message History

The stream of webbing hits you but does no damage.
You are caught in a web!
Unknown command.
Aiming: Sandblast (safe; 5% risk of failure)
Press: ? - help, Q - select action Shift-Dir - straight line, f - goblin
Aim: a goblin, wielding a +0 club (strong, 77% to hit)
The blast of sand misses the goblin.
Robin throws the goblin at you! The goblin hits you with a +0 club.
The goblin hits you with a +0 dagger.
A goblin comes into view. It is wielding a +0 club.
The goblin hits you but does no damage.
A hobgoblin comes into view.
The goblin hits you with a +0 dagger.
* * * LOW HITPOINT WARNING * * *
Unknown command.
Sorry, you're not good enough to have a special ability.
Aiming: Sandblast (safe; 5% risk of failure)
Press: ? - help, Q - select action Shift-Dir - straight line, f/p - goblin
Aim: a goblin, wielding a +0 club (strong, 77% to hit)
The blast of sand hits the goblin!
You kill the goblin!
The goblin shouts!
The hobgoblin shouts!
You hear a shout!
Robin throws the goblin at you! The goblin barely misses you. x2
Unknown command.
You have nothing you can fire or use right now.
Unknown command.
Okay, then.
Aiming: Sandblast (safe; 5% risk of failure)
Press: ? - help, Q - select action Shift-Dir - straight line, f - goblin
Aim: a goblin, wielding a +0 club (strong, 77% to hit)
The blast of sand hits the goblin!
You kill the goblin!
Robin throws the goblin at you!
* * * LOW HITPOINT WARNING * * *
A goblin comes into view. It is wielding a +0 club.
The goblin hits you but does no damage.
An adder comes into view.
The goblin barely misses you. The goblin hits you with a +0 dagger.
You die...

#######
#.....#
###<#.###
#.....#
#.#g###
#.#@# #
#g#


wg. g#.## .g#g. S. ..# ### ... g.# You could see a ribbon worm, Robin, an adder
(wandering), a hobgoblin (strong) and 5 goblins.

Vanquished Creatures
  A dart slug (D:1)
  3 bats (D:1)
  2 endoplasms (D:1)
  2 giant cockroaches (D:1)
  3 goblins (D:2)
  3 kobolds (D:1)
  A quokka (D:1)
  2 ball pythons (D:1)
  3 rats (D:1)
20 creatures vanquished.

Notes
Turn   | Place    | Note
-------+----------+-------------------------------------------
     0 | D:1      | Bnni the Demigod Earth Elementalist began the quest for the
                  | Orb.
     0 | D:1      | Reached XP level 1. HP: 14/14 MP: 5/5
   114 | D:1      | Found Ippi's Weapon Shop.
   136 | D:1      | Reached skill level 1 in Conjurations
   430 | D:1      | Reached XP level 2. HP: 14/22 MP: 1/7
   594 | D:1      | Reached skill level 3 in Earth Magic
   950 | D:2      | Noticed Robin
   955 | D:2      | Slain by a goblin

Illustrated notes

Levels and vault maps discovered:
D:1:      dpeg_arrival_another_circle, layout_basic, serial_shops,
          nicolae_shop_pleasant_corner_grove, minmay_misc_feat_diagonals,
          minmay_3d_cube
D:2:      layout_basic, serial_shops, nicolae_shop_gaudy_bauble, basic_altar,
          minivault_25, dk_noncrumbling_2, uniq_robin

Skill      XL: |  1  2 |
---------------+-------+-----
Conjurations   | 1 |  1.5
Earth Magic    | 3 |  3.0
Spellcasting   | 2 |  2.0
Fighting       | |  0.5
Dodging        | |  1.7
Stealth        | |  1.7

Action                     || total
---------------------------++-------
  Melee: Long sword        ||    17
         Short sword       ||     1
         Unarmed           ||     1
   Cast: Sandblast         ||    31
 Armour: Robe              ||    35
  Dodge: Dodged            ||    50

Table legend: (Time is in decaauts)
 A = Elapsed time spent in this place.
 B = Non-inter-level travel time spent in this place.
 C = Inter-level travel time spent in this place.
 D = Time resting spent in this place.
 E = Time spent auto-exploring this place.
 F = Levels seen in this place.
 G = Mean time per level.
                   A        B        C        D        E       F      G
               +--------+--------+--------+--------+--------+-----+--------+
         Total |    975 |    944 |     31 |      0 |    792 |   2 |  487.5 |
       Dungeon |    975 |    944 |     31 |      0 |    792 |   2 |  487.5 |
               +--------+--------+--------+--------+--------+-----+--------+

Top non-repeatable levels by time:
     D:1: 961 daAuts
     D:2: 14 daAuts
